 Dungeon Crawl Stone Soup version 0.31-a0-237-g2d982f9f85 (webtiles) character file.

Game seed: 3541019789748348827

164 qw the Shooter (level 5, 0/45 HPs)
             Began as a Minotaur Hexslinger on July 10, 2023.
             Slain by a gnoll
             ... wielding a +0 flail
              (2 damage)
             ... on level 4 of the Dungeon.
             The game lasted 00:00:47 (2008 turns).

qw the Shooter (Minotaur Hexslinger)                Turns: 2008, Time: 00:00:48

Health: 0/45       AC:  6    Str: 12    XL:     5   Next: 21%
Magic:  5/5        EV: 11    Int: 10    God:
Gold:   131        SH:  0    Dex: 15    Spells: 5/6 levels left

rFire   . . .        Y - +0 shortbow
rCold   . . .        (shield currently unavailable)
rNeg    . . .        f - +0 ring mail
rPois   .            (helmet restricted)
rElec   .            (no cloak)
rCorr   .            (no gloves)
SInv    .            h - +0 pair of boots
Will    .....        (no amulet)
Stlth   +            (no ring)
HPRegen 0.27/turn    (no ring)
MPRegen 0.09/turn

%: no passive effects
@: lethally poisoned (0 -> -4), about to teleport
A: horns 2, retaliatory headbutt
a: no special abilities


You were on level 4 of the Dungeon.
You visited 1 branch of the dungeon, and saw 4 of its levels.

You collected 131 gold pieces.


Innate Abilities, Weirdness & Mutations

You have a pair of horns on your head.
You reflexively headbutt those who attack you in melee.


   Skills:
 - Level 3.0 Fighting
 + Level 5.2 Ranged Weapons
 - Level 1.3 Armour
 - Level 2.1 Dodging
 - Level 1.0 Spellcasting
 - Level 2.0 Hexes


You had 5 spell levels left.
You knew the following spells:

 Your Spells              Type           Power      Damage    Failure   Level
a - Slow                  Hex            16%        N/A       32%         1

Your spell library contained the following spells:

 Spells                   Type           Power      Damage    Failure   Level
 Inner Flame              Hex/Fire       2%         N/A       83%         3
 Portal Projectile        Hex/Tloc       4%         N/A       83%         3
 Cause Fear               Hex            2%         N/A       97%         4

Inventory:

Hand Weapons
 Y - a +0 shortbow (weapon)
Armour
 f - a +0 ring mail (worn)
 h - a +0 pair of boots (worn)
Scrolls
 a - a scroll of identify
Potions
 d - a potion of cancellation {unknown}
 g - a potion of enlightenment {unknown}
 i - a potion of curing

Dungeon Overview and Level Annotations

Branches:
Dungeon (4/15)
 Temple: D:4-7

Altars:
Elyvilon
Kikubaaqudgha
Nemelex Xobeh
Qazlal
Xom


Message History

You shoot an arrow. The arrow hits the gnoll!
The gnoll is heavily wounded.
You shoot an arrow. The arrow hits the gnoll.
The gnoll is severely wounded.
You shoot an arrow. The arrow hits the gnoll.
You kill the gnoll!
The gnoll hits you but does no damage.
You shoot an arrow. The arrow hits the gnoll!
The gnoll is heavily wounded.
The gnoll hits you with a +0 club.
You shoot an arrow. The arrow barely misses the gnoll.
The gnoll misses you. The gnoll hits you with a +0 flail.
The gnoll closely misses you.
You shoot an arrow.
The arrow hits the gnoll but does no damage.
The gnoll is heavily wounded.
The gnoll hits you with a +0 flail. The gnoll hits you with a +0 club.
The gnoll hits you from afar with a +2 halberd of venom!
You shoot an arrow. The arrow hits the gnoll.
The gnoll is severely wounded.
The gnoll hits you but does no damage. The gnoll hits you with a +0 flail.
The gnoll barely misses you. The gnoll closely misses you.
You furiously retaliate!
You headbutt the gnoll.
The gnoll hits you from afar with a +2 halberd of venom.
You are poisoned.
The gnoll hits you with a +0 club.
You shoot an arrow. The arrow hits the gnoll!
You kill the gnoll!
You feel very sick. The gnoll misses you. The gnoll barely misses you.
2007 ||| READING scroll of teleportation.
As you read the scroll of teleportation, it crumbles to dust.
You feel strangely unstable.
You feel sick. The gnoll hits you with a +0 flail.
The gnoll hits you from afar with a +2 halberd of venom.
You shoot an arrow. The arrow hits the gnoll.
The gnoll is heavily wounded.
You feel very sick. The gnoll hits you with a +0 flail.
You die...

....... .......
....... .......
####### .......
###+###.....# g).....
#.....#.....###)......
#.#.#.#.##:/..@g......
+.._..'......########.
#.#.#.#....#>#
#.....##.###.#
#.###%####.....#
#........####..#
##.#.#.#.#.....# #
#.#.#.#.##..#
#.#.#.#..#..#


You could see 2 gnolls.

Vanquished Creatures
  A hound (D:4)
  2 gnolls (D:4)
  6 adders
  2 worms (D:3)
  2 dart slugs
  3 endoplasms
  A giant cockroach (D:2)
  4 goblins
  4 hobgoblins
  3 kobolds
  A quokka (D:3)
  6 ball pythons
  9 bats
  7 frilled lizards
  5 rats
56 creatures vanquished.

Notes
Turn   | Place    | Note
-------+----------+-------------------------------------------
     0 | D:1      | qw the Minotaur Hexslinger began the quest for the Orb.
     0 | D:1      | Reached XP level 1. HP: 16/16 MP: 1/1
     0 | D:1      | 0 ||| qw: Version: 0.3-a-52-g30416fa
     0 | D:1      | 0 ||| qw: Game counter: 5345
     0 | D:1      | 0 ||| qw: Melee chars always use a shield: true
     0 | D:1      | 0 ||| qw: God list: Okawaru
     0 | D:1      | 0 ||| qw: Allow faded altars: false
     0 | D:1      | 0 ||| qw: Do Orc after clearing Dungeon:15 true
     0 | D:1      | 0 ||| qw: Do second Lair branch before Depths: true
     0 | D:1      | 0 ||| qw: Lair rune preference: random
     0 | D:1      | 0 ||| qw: Goals: Normal
     0 | D:1      | 0 ||| PLANNING D:1-11
    53 | D:1      | Found a faded altar of an unknown god.
   112 | D:1      | Reached skill level 3 in Ranged Weapons
   117 | D:1      | Reached XP level 2. HP: 23/23 MP: 2/2
   362 | D:1      | 362 ||| UPGRADING to +0 ring mail.
   372 | D:1      | 372 ||| DROPPING +0 robe.
   373 | D:1      | 373 ||| READING scroll labelled CAFOEFIA GEQYE.
   376 | D:1      | 376 ||| READING scroll labelled NAH KOSEG JI CUG.
   377 | D:1      | 377 ||| DROPPING scroll of poison.
   405 | D:2      | Reached XP level 3. HP: 29/29 MP: 3/3
   772 | D:2      | Identified the +2 leather armour "Vagaog" {Harm *Slow
                  | Int+5}
   834 | D:2      | Reached skill level 4 in Ranged Weapons
   866 | D:2      | Reached skill level 1 in Armour
   868 | D:2      | HP: 6/29 [poisoned by an adder]
  1317 | D:2      | 1317 ||| DROPPING +2 leather armour "Vagaog" {Harm *Slow
                  | Int+5}.
  1318 | D:2      | 1318 ||| UPGRADING to +0 pair of boots.
  1323 | D:2      | 1323 ||| DROPPING ring of flight.
  1324 | D:2      | 1324 ||| READING 2 scrolls labelled LATOOD UBROP.
  1325 | D:2      | 1325 ||| READING scroll labelled HUZXAHAZXU.
  1326 | D:2      | 1326 ||| READING scroll labelled YFONESYUNU.
  1327 | D:2      | 1327 ||| DRINKING 2 emerald potions.
  1387 | D:3      | Reached XP level 4. HP: 32/36 MP: 4/4
  1434 | D:3      | 1434 ||| SWAPPING to +0 shortbow.
  1461 | D:3      | 1461 ||| DROPPING +1 sling.
  1620 | D:3      | Found a white marble altar of Elyvilon.
  1689 | D:3      | Found a stormy altar of Qazlal.
  1852 | D:3      | Found a shimmering altar of Xom.
  1852 | D:3      | Found an ancient bone altar of Kikubaaqudgha.
  1884 | D:3      | 1884 ||| READING scroll labelled TEORAO OCKISIU.
  1885 | D:3      | 1885 ||| READING scroll labelled ARYINGA HUNISUOTIRPH.
  1886 | D:3      | 1886 ||| READING 2 scrolls of identify.
  1886 | D:3      | 1886 ||| IDENTIFYING gluggy blue potion
  1887 | D:3      | 1887 ||| DROPPING potion of brilliance.
  1924 | D:4      | Reached skill level 5 in Ranged Weapons
  1977 | D:4      | Found a sparkling altar of Nemelex Xobeh.
  1984 | D:4      | Reached skill level 3 in Fighting
  1984 | D:4      | Reached XP level 5. HP: 45/45 MP: 5/5
  2006 | D:4      | HP: 11/45 [poisoned by a gnoll]
  2007 | D:4      | 2007 ||| READING scroll of teleportation.
  2007 | D:4      | HP: 5/45 [gnoll/+2 halberd of venom (4)]
  2008 | D:4      | HP: 2/45 [poisoned by a gnoll]
  2008 | D:4      | Slain by a gnoll

Levels and vault maps discovered:
D:1:      mrwooster_arrival_statue, layout_basic,
          shapermc_ecumenical_altar_mp_highgroup
D:2:      layout_loops_corners, minmay_fractal_squares_gapless_5
D:3:      layout_rooms, nicolae_qazlal_eye_of_the_storm, elyvilon_altar_3,
          gammafunk_temple_overflow_elements
D:4:      layout_basic, kennysheep_little_box, patterned_corridor

Skill      XL: |  1  2  3  4 |
---------------+-------------+-----
Ranged Weapons | 3 4 5 |  5.2
Fighting       | 2 3 |  3.0
Armour         | 1 |  1.3
Dodging        | |  2.1
Spellcasting   | |  1.0
Hexes          | |  2.0

Action                     |  1- 3 |  4- 6 || total
---------------------------+-------+-------++-------
   Fire: Sling             |    99 |       ||    99
         Shortbow          |       |    74 ||    74
    Use: Scroll            |     5 |     4 ||     9
         Potion            |     1 |       ||     1
 Armour: Robe              |     5 |       ||     5
         Ring mail         |    11 |     9 ||    20
  Dodge: Dodged            |    31 |    29 ||    60

Table legend:
 A = Non-vault XP
 B = Vault XP
 C = Vault XP percentage of total XP
 D = Non-vault monster count
 E = Vault monster count
 F = Vault count percentage of total count
                 A         B        C        D         E       F
            +---------+---------+-------+---------+---------+-------
      Total |     214 |      21 |   8.9 |      51 |       5 |   8.9
            +---------+---------+-------+---------+---------+-------
        D:1 |      31 |       0 |   0.0 |      19 |       0 |   0.0
        D:2 |      35 |      21 |  37.5 |       7 |       5 |  41.7
        D:3 |      74 |       0 |   0.0 |      21 |       0 |   0.0
        D:4 |      74 |       0 |   0.0 |       4 |       0 |   0.0
            +---------+---------+-------+---------+---------+-------
